 Dungeon Crawl Stone Soup version 0.27.1 (webtiles) character file.

Game seed: 15349992450355084340

4014 porog the Impaler (level 10, -2/94 HPs)
             Began as a Minotaur Fighter on Sept 2, 2021.
             Was a Follower of Okawaru.
             Slain by an orc knight (16 damage)
             ... on level 1 of the Orcish Mines.
             The game lasted 01:00:19 (8158 turns).

porog the Impaler (Minotaur Fighter)                Turns: 8158, Time: 01:00:19

Health: -2/94      AC:  8    Str: 23    XL:     10   Next: 3%
Magic:  9/9        EV:  8    Int:  5    God:    Okawaru [*.....]
Gold:   309        SH:  0    Dex: 15    Spells: 9/9 levels left

rFire    . . .     SeeInvis .   a - +1 trident
rCold    . . .     Faith    .   c - +0 kite shield
rNeg     . . .     Spirit   .   C - +1 leather armour "Moatarim" {Regen+ Dex+4}
rPois    +         Reflect  .   (helmet restricted)
rElec    .         Harm     .   (no cloak)
rCorr    .         Rampage  .   (no gloves)
Will     .....                  (no boots)
Stlth    +.........             (no amulet)
HPRegen  1.25/turn              p - +4 ring of protection
MPRegen  0.11/turn              v - ring of poison resistance

@: confused, on berserk cooldown, slowed, very slow
A: horns 2, retaliatory headbutt
a: Renounce Religion, Heroism


You were on level 1 of the Orcish Mines.
You worshipped Okawaru.
Okawaru was aware of your devotion.
You visited 4 branches of the dungeon, and saw 13 of its levels.

You collected 503 gold pieces.
You spent 194 gold pieces at shops.

Inventory:

Hand Weapons
 a - a +1 trident (weapon)
 b - a +0 hunting sling
 H - a +0 arbalest
Missiles
 f - 174 arrows
 i - 71 bolts
 k - 193 stones (quivered)
 q - 79 sling bullets
 t - a throwing net
Armour
 c - a +0 kite shield (worn)
 j - a +0 scale mail
 C - the +1 leather armour "Moatarim" (worn) {Regen+ Dex+4}
   (You found it on level 6 of the Dungeon)

   Dex:       It affects your dexterity (+4).
   Regen:     It increases your rate of health regeneration.
Magical Staves
 h - a staff of earth
Jewellery
 m - a ring of poison resistance
 p - a +4 ring of protection (left hand)
 v - a ring of poison resistance (right hand)
Wands
 A - a wand of acid (12)
 B - a wand of polymorph (14)
 G - a wand of flame (22)
Scrolls
 n - a scroll of teleportation
 y - 2 scrolls of amnesia
 D - 2 scrolls of identify
 J - a scroll of blinking
 K - a scroll of enchant armour
Potions
 d - a potion of might
 g - 2 potions of degeneration
 l - 2 potions of heal wounds {unknown}
 r - 2 potions of curing
 s - a potion of haste {unknown}
 z - a potion of brilliance {unknown}
 E - 2 potions of resistance
 F - a potion of invisibility {unknown}
 I - a potion of ambrosia {unknown}


   Skills:
 * Level 10.7 Fighting
 - Level 0.1 Short Blades
 - Level 15.9(16.0) Polearms
 - Level 1.2(10.8) Staves
 - Level 2.0 Slings
 * Level 5.4 Armour
 - Level 4.0 Shields


You had 9 spell levels left.
You didn't know any spells.
Your spell library contained the following spells:

 Spells                   Type           Power      Damage    Failure   Level
 Freeze                   Ice            0%         1d3       94%         1
 Magic Dart               Conj           0%         1d3       94%         1
 Shock                    Conj/Air       0%         1d3       94%         1
 Sting                    Tmut/Pois      0%         1d3       94%         1
 Call Imp                 Summ           0%         N/A       98%         2
 Poisonous Vapours        Pois/Air       0%         N/A       98%         2
 Frozen Ramparts          Ice            0%         1d2       100%        3
 Ignite Poison            Fire/Tmut/Pois 0%         N/A       100%        3
 Mephitic Cloud           Conj/Pois/Air  0%         N/A       100%        3
 Swiftness                Air            0%         N/A       100%        3
 Airstrike                Air            0%         N/A       100%        4
 Hailstorm                Conj/Ice       0%         3d3       100%        4
 Olgreb's Toxic Radiance  Pois           0%         N/A       100%        4
 Bolt of Magma            Conj/Fire/Erth 0%         4d4       100%        5


Dungeon Overview and Level Annotations

Branches:
Dungeon (10/15)            Temple (1/1) D:7            Lair (1/6) D:8
    Orc (1/2) D:9

Altars:
Ashenzari
Cheibriados
Dithmenos
Elyvilon
Fedhas
Gozag
Hepliaklqana
Makhleb
Nemelex Xobeh
Okawaru
Qazlal
Ru
Sif Muna
Trog
Uskayaw
Vehumet
Wu Jian
Xom
Yredelemnul
Zin
The Shining One

Shops:
D:7 (   D:8 ?

Annotations:
D:7 3 runed translucent doors, tailblues's ghost, novice DEWz
Lair:1 Sonja


Innate Abilities, Weirdness & Mutations

You have a pair of horns on your head.
You reflexively headbutt those who attack you in melee.


Message History

The orcs go into a battle-frenzy!
The warg bites you but does no damage.
The orc priest looks encouraged for a moment.
You barely miss the warg. You headbutt the warg.
The warg is lightly wounded.
You closely miss the warg. You headbutt the warg!
The warg is severely wounded.
You block the warg's attack.
You miss the warg. Your headbutt misses the warg.
The warg is severely wounded.
The warg bites you! You block the orc warrior's attack.
You closely miss the warg. You headbutt the warg!
You kill the warg!
Okawaru accepts your kill.
A troll comes into view.
You are no longer berserk.
You are exhausted.
You feel yourself slow down.
The orc wizard gestures at you while chanting.
You are confused.
An orc wizard comes into view. It is wielding a +0 dagger.
The orc warrior hits you with a +0 dire flail!!
The orc barely misses you.
An orc comes into view. It is wielding a +0 flail.
The orc wizard casts a spell at you.
You are more confused.
An orc priest comes into view. It is wielding a +0 club.
An orc wizard comes into view. It is wielding a +0 dagger.
The orc priest mumbles some strange prayers to Beogh against you.
Pain shoots through your body!
There is a staircase back to the Dungeon, spattered with blood here.
The orc shouts!
The orc wizard shouts!
The orc warrior closely misses you. The orc barely misses you.
The orc wizard barely misses you.
The orc warrior hits you with a +0 flail of holy wrath!!
The orc hits you with a +0 club.
The orc warrior hits you with a +0 dire flail!!
* * * LOW HITPOINT WARNING * * *
The orc knight hits you from afar with a +0 halberd!
You die...

....#..........
............(..h
..............o..
...........(.oo>.
.o.....$..o#.....
.........o..#....
.o.o....o.o..#...
.......o@o.......
.......o.o.......
..o......).......
.................
.....#...........
....#...........#
$........$#.....#
........$........
.#.............


You could see an orc knight, a warg (wandering), an orc sorcerer (strong), 4 orc
warriors, an orc priest (strong), 3 orc wizards and 5 orcs.

Vanquished Creatures
  Pikel (D:6)
  A komodo dragon (Lair:1)
  Eustachio (D:5)
  A wyvern (D:9)
  4 yaks (D:9)
  A water moccasin (D:8)
  A warg (Orc:1)
  An orc warrior (D:7)
  3 ogres
  2 centaurs (D:7)
  3 lemures
  A phantom (D:4)
  A bullfrog (D:8)
  3 scorpions
  A wyvern zombie (D:8)
  A water moccasin zombie (D:6)
  A water moccasin skeleton (D:6)
  3 killer bees (D:8)
  A wight (D:8)
  2 howler monkeys (D:7)
  4 jellies
  A centaur skeleton (D:6)
  3 centaur zombies
  A gnoll shaman (D:7)
  4 hounds
  2 bullfrog skeletons
  4 orc priests
  4 orc wizards
  2 iguanas (D:7)
  A hound zombie (D:5)
  Robin (D:2)
  4 adders
  5 gnolls (D:7)
  A shadow imp (D:7)
  2 ufetubi (D:5)
  2 adder skeletons
  A worm (D:2)
  2 dart slugs
  22 orcs
  9 ball pythons
  3 bats
  10 endoplasms
  4 giant cockroaches
  22 goblins
  16 hobgoblins
  6 jackals
  3 kobolds
  2 quokkas (D:1)
  4 frilled lizards
  5 rats
183 creatures vanquished.

Vanquished Creatures (others)
  2 fungi (D:7)
  3 plants (D:7)
5 creatures vanquished.

Grand Total: 188 creatures vanquished

Notes
Turn   | Place    | Note
-------+----------+-------------------------------------------
     0 | D:1      | porog the Minotaur Fighter began the quest for the Orb.
     0 | D:1      | Reached XP level 1. HP: 19/19 MP: 0/0
    33 | D:3      | Noticed an orc priest
    33 | D:3      | Noticed an orc priest
    72 | D:1      | Found a faded altar of an unknown god.
   147 | D:1      | Reached XP level 2. HP: 20/27 MP: 1/1
   298 | D:1      | Reached skill level 1 in Staves
   789 | D:2      | Reached skill level 1 in Slings
   789 | D:2      | Reached XP level 3. HP: 33/33 MP: 2/2
  1008 | D:2      | Noticed Robin
  1133 | D:2      | Reached skill level 3 in Polearms
  1223 | D:2      | Reached XP level 4. HP: 40/40 MP: 3/3
  1404 | D:2      | Killed Robin
  1548 | D:2      | Reached skill level 4 in Polearms
  1772 | D:3      | You fall into a shaft and drop 2 floors!
  1772 | D:5      | Entered Level 5 of the Dungeon
  1819 | D:5      | Noticed a scorpion
  1827 | D:5      | Killed a scorpion
  1828 | D:5      | Reached skill level 5 in Polearms
  1828 | D:5      | Reached XP level 5. HP: 46/46 MP: 4/4
  1911 | D:5      | Reached skill level 6 in Polearms
  1934 | D:4      | Reached XP level 6. HP: 52/52 MP: 5/5
  1953 | D:3      | Identified a scroll of acquirement
  1953 | D:3      | Acquired a manual of Polearms
  3301 | D:4      | Reached skill level 8 in Polearms
  3751 | D:4      | Reached skill level 9 in Polearms
  3751 | D:4      | Reached XP level 7. HP: 38/59 MP: 6/6
  3893 | D:4      | Reached skill level 10 in Polearms
  4028 | D:4      | Found a broken altar of Ashenzari.
  4323 | D:5      | Reached skill level 11 in Polearms
  5115 | D:7      | Noticed a +0 falchion
  5115 | D:7      | Noticed a +0 dagger
  5115 | D:7      | Noticed a +0 short sword
  5115 | D:7      | Noticed a +0 dagger
  5115 | D:7      | Noticed a +0 short sword
  5115 | D:7      | Noticed a +0 falchion
  5115 | D:7      | Noticed a +0 spear
  5116 | D:7      | Noticed a +0 spear
  5130 | D:7      | Found a hide-covered altar of Uskayaw.
  5143 | D:7      | Reached skill level 12 in Polearms
  5198 | D:6      | Reached XP level 8. HP: 64/67 MP: 7/7
  5289 | D:6      | Reached skill level 13 in Polearms
  5346 | D:6      | Identified the +1 leather armour "Moatarim" {Regen+ Dex+4}
  5361 | D:6      | You fall into a shaft and drop 1 floor!
  5373 | D:6      | Noticed Eustachio
  5445 | D:5      | Killed Eustachio
  5446 | D:5      | Reached skill level 5 in Fighting
  5555 | D:6      | Found a glowing silver altar of Zin.
  5556 | D:6      | Noticed an angel
  5719 | D:7      | Reached skill level 14 in Polearms
  5740 | D:7      | Noticed Pikel
  5783 | D:6      | Killed Pikel
  5784 | D:6      | Reached skill level 15 in Polearms
  5864 | D:7      | Reached XP level 9. HP: 64/75 MP: 8/8
  5932 | D:7      | Found a staircase to the Ecumenical Temple.
  5939 | Temple   | Entered the Ecumenical Temple
  6257 | Temple   | Became a worshipper of Warmaster Okawaru
  6333 | D:7      | Found Zopu's Hydra Hut.
  6343 | D:7      | Noticed a four-headed hydra
  6388 | D:7      | Noticed tailblues's ghost (novice DEWz)
  6389 | D:7      | Found a runed translucent gate.
  6389 | D:7      | Found a runed translucent gate.
  6389 | D:7      | Found a runed translucent gate.
  6390 | D:7      | Identified the ring "Lifarphu" {rC+ rCorr Str-3 Int+6}
  6391 | D:7      | Noticed a kobold demonologist
  7084 | D:8      | Found a staircase to the Lair.
  7099 | Lair:1   | Entered Level 1 of the Lair of Beasts
  7118 | Lair:1   | Noticed a komodo dragon
  7129 | Lair:1   | Killed a komodo dragon
  7129 | Lair:1   | Reached * piety under Okawaru
  7157 | Lair:1   | Noticed Sonja
  7179 | D:8      | Found a large runed translucent door.
  7179 | D:8      | Found a large runed translucent door.
  7224 | D:8      | Found Tehoshiu's Magic Scroll Shoppe.
  7251 | D:8      | Bought a scroll of blinking for 97 gold pieces
  7251 | D:8      | Bought a scroll of enchant armour for 97 gold pieces
  7615 | D:8      | Found a blossoming altar of Fedhas.
  7736 | D:8      | Found a glowing golden altar of the Shining One.
  7842 | D:8      | Found a snail-covered altar of Cheibriados.
  7855 | D:8      | Found a shimmering blue altar of Sif Muna.
  7914 | D:10     | Entered Level 10 of the Dungeon
  7965 | D:9      | Reached skill level 5 in Armour
  7974 | D:9      | Reached skill level 10 in Fighting
  8095 | D:9      | Found a staircase to the Orcish Mines.
  8107 | Orc:1    | Entered Level 1 of the Orcish Mines
  8110 | Orc:1    | Noticed an orc knight
  8112 | Orc:1    | Noticed an orc sorcerer
  8125 | D:9      | Reached XP level 10. HP: 69/94 MP: 9/9
  8158 | Orc:1    | Slain by an orc knight

Illustrated notes

Levels and vault maps discovered:
D:1:      saegor_arrival_simple_e, layout_rooms,
          shapermc_ecumenical_altar_mp_highgroup
D:2:      layout_loops_cross, uniq_robin
D:3:      layout_loops_ring, serial_rivers, chequers_serial_rivers_room_a,
          chequers_serial_rivers_small_a, chequers_serial_rivers_micro_b,
          chequers_serial_rivers_micro_b, chequers_serial_rivers_micro_e,
          chequers_serial_rivers_small_a
D:4:      cheibrodos_greedy_goblins, layout_basic,
          mainiacjoe_overflow_small_starburst
D:5:      layout_basic, enter_ossuary_1, serial_corexii_hall,
          chequers_hall_statues_wall_a, corexii_hall_statues_s,
          corexii_hall_statues_deadend, corexii_hall_statues_i,
          corexii_hall_statues_i, corexii_hall_statues_x
D:6:      layout_cave_pools, zin_angel, serial_undead, serial_undead_e,
          serial_undead_b, serial_undead_f, serial_undead_f, uniq_eustachio
D:7:      layout_basic, nicolae_uskayaw_en_pointe,
          minmay_temple_entry_enclosed_plants, gammafunk_ghost_nasty_kobolds,
          minivault_24, doesnt_shop_hydraphobe, uniq_pikel
D:8:      layout_loops_ring, jmf_multi_god_temple2, fedhas_altar_fruit_tree,
          mainiacjoe_overflow_alcove_1, dpeg_oklobed_lair, serial_shops,
          nicolae_shop_waterfront
D:9:      layout_basic, orc_0_dummy, uniq_maggie
D:10:     layout_cave_pods, tgw_kikubaaqudgha, dk_noncrumbling_4,
          grunt_ministairs_12
Temple:   dpeg_chambers_temple
Lair:1:   layout_roguey, serial_bayou_shore_a, uniq_gastronok, uniq_sonja
Orc:1:    layout_caves, basic_altar

Skill      XL: |  1  2  3  4  5  6  7  8  9 |
---------------+----------------------------+-----
Staves         | 1 |  1.2
Armour         | 4 5 |  5.4
Shields        | 4 |  4.0
Fighting       | 4 6 10 | 10.7
Slings         | 1 2 |  2.0
Polearms       | 3 5 6 9 12 15 | 15.9
Short Blades   | |  0.1

Action                   |  1- 3 |  4- 6 |  7- 9 | 10-12 || total
-------------------------+-------+-------+-------+-------++-------
Melee: Trident           |   100 |   167 |   268 |     7 ||   542
       Headbutt          |    15 |    23 |    57 |     3 ||    98
 Fire: Hunting sling     |    23 |    20 |    68 |       ||   111
Throw: Stone             |     1 |     2 |    10 |       ||    13
  Use: Scroll            |       |     6 |     8 |       ||    14
       Potion            |       |       |       |     1 ||     1
Armor: Scale mail        |    39 |    58 |    48 |       ||   145
       Leather armour    |       |       |    50 |     1 ||    51
Dodge: Dodged            |    31 |    48 |    61 |     4 ||   144
Block: Kite shield       |    50 |    79 |   132 |     3 ||   264
